 Dungeon Crawl Stone Soup version 0.30.1-4-g462c640d31 (webtiles) character file.

Game seed: 4494864655020168737

51 Logoto the Firebug (level 3, -23/26 HPs)
             Began as a Draconian Fire Elementalist on Aug 18, 2023.
             Annihilated by a quicksilver ooze (25 damage)
             ... created by the all-consuming vengeance of Jiyva
             ... on level 2 of the Dungeon.
             The game lasted 00:05:10 (1128 turns).

Logoto the Firebug (Draconian Fire Elementalist)    Turns: 1128, Time: 00:05:11

Health: -23/26     AC:  5    Str: 12    XL:     3   Next: 57%
Magic:  4/6        EV: 12    Int: 15    God:
Gold:   29         SH:  0    Dex: 11    Spells: 3/6 levels left

rFire   . . .        i - +0 dagger (flame)
rCold   . . .        (no shield)
rNeg    . . .        (body armour unavailable)
rPois   .            (helmet restricted)
rElec   .            (no cloak)
rCorr   .            (no gloves)
SInv    .            (no boots)
Will    .....        (no amulet)
Stlth   ++           (no ring)
HPRegen 0.24/turn    (no ring)
MPRegen 0.10/turn

%: no passive effects
@: no status effects
A: AC +5, unfitting armour, cold-blooded
a: no special abilities


You were on level 2 of the Dungeon.
You visited 1 branch of the dungeon, and saw 2 of its levels.

You collected 29 gold pieces.

Inventory:

Hand Weapons
 f - a +0 short sword
 i - a +0 dagger of flaming (weapon)
Missiles
 g - 24 stones
Magical Staves
 d - a staff of poison
Scrolls
 b - a scroll of amnesia {unknown}
 j - a scroll of fog {unknown}
 k - a scroll of teleportation {unknown}
Potions
 a - a potion of magic
 c - a potion of heal wounds {unknown}
 e - 2 potions of attraction {unknown}
 h - a potion of ambrosia {unknown}
 l - 2 potions of invisibility {unknown}


   Skills:
 + Level 0.8 Short Blades
 + Level 1.8 Dodging
 + Level 2.0 Stealth
 + Level 2.3 Spellcasting
 + Level 1.2 Conjurations
 + Level 4.0 Fire Magic


You had 3 spell levels left.
You knew the following spells:

 Your Spells              Type           Power      Damage    Failure   Level
a - Foxfire               Conj/Fire      36%        2x1d5     8%          1
b - Scorch                Fire           26%        2d6       6%          2

Your spell library contained the following spells:

 Spells                   Type           Power      Damage    Failure   Level
 Inner Flame              Hex/Fire       7%         N/A       28%         3
 Volatile Blastmotes      Fire/Tloc      14%        2d11      28%         3
 Flame Wave               Conj/Fire      9%         2d6       58%         4
 Fireball                 Conj/Fire      4%         3d4       90%         5
 Plasma Beam              Fire/Air       3%         2x1d15    100%        6
 Starburst                Conj/Fire      4%         6d4       100%        6


Dungeon Overview and Level Annotations

Branches:
Dungeon (2/15)

Altars:
Jiyva


Innate Abilities, Weirdness & Mutations

Your plain brown scales are hard. (AC +5)
You cannot fit into any form of body armour.
You are cold-blooded and may be slowed by cold attacks.


Message History

The foxfire hits the kobold but does no damage.
The kobold shouts!
Casting: Foxfire (safe; 8% risk of failure)
Confirm with . or Enter, or press ? or * to list all spells.
You conjure some foxfire!
The foxfire hits the kobold but does no damage.
The foxfire hits the kobold.
The kobold is severely wounded.
You see here a rat corpse.
Casting: Foxfire (safe; 8% risk of failure)
Confirm with . or Enter, or press ? or * to list all spells.
You conjure some foxfire!
The foxfire hits the kobold.
You kill the kobold!
The foxfire hits the kobold.
You kill the kobold!
You see here a rat corpse.
g - 18 stones (gained 2)
You see here a +0 whip.
g - 24 stones (gained 6) Some slimes ooze up out of the ground!
A rockslime, a great orb of eyes and a quicksilver ooze come into view.
The rockslime attacks as you move away! The rockslime hits you!!
Ouch! That really hurt!
* * * LOW HITPOINT WARNING * * *
Casting: Foxfire (safe; 8% risk of failure)
Confirm with . or Enter, or press ? or * to list all spells.
Flames lash the quicksilver ooze.
The quicksilver ooze is lightly wounded.
The quicksilver ooze's fire resistance burns away.
The quicksilver ooze hits you.
* * * LOW HITPOINT WARNING * * *
The quicksilver ooze hits you but does no damage.
You miss the quicksilver ooze.
The quicksilver ooze is lightly wounded.
The quicksilver ooze closely misses you.
The quicksilver ooze barely misses you. The rockslime barely misses you.
The quicksilver ooze hits you!!
Ouch! That really hurt!
You die...

#.##.# .#.# ####.##.#
.#.## ..##.##.# ...
..##.##.# ..#
..##.##.#####.####
..##.##...........
..##.#........#######
....>.†..).....J@JG.#
..##.##.#....######...#
####.#..)........ ....#
...#.#..#.##.##... #...
...#.#..#..#.# #.# .#
..#.#..#..#.# # .
#.#..#..#.# #....##.#.#
.... ..


You could see a great orb of eyes, a rockslime and a quicksilver ooze
(combustible).

Vanquished Creatures
  An adder (D:2)
  A gnoll (D:1)
  2 dart slugs
  2 endoplasms
  A giant cockroach (D:1)
  2 goblins (D:1)
  A hobgoblin (D:2)
  A quokka (D:1)
  3 ball pythons (D:2)
  2 bats
  4 frilled lizards (D:1)
  6 kobolds
  5 rats
31 creatures vanquished.

Vanquished Creatures (others)
  48 foxfires
48 creatures vanquished.

Grand Total: 79 creatures vanquished

Notes
Turn   | Place    | Note
-------+----------+-------------------------------------------
     0 | D:1      | Logoto the Draconian Fire Elementalist began the quest for
                  | the Orb.
     0 | D:1      | Reached XP level 1. HP: 14/14 MP: 3/3
   178 | D:1      | Found a faded altar of an unknown god.
   342 | D:1      | Reached XP level 2. HP: 20/20 MP: 0/5
   563 | D:1      | Learned a level 2 spell: Scorch
   676 | D:1      | Reached XP level 3. HP: 8/26 MP: 0/6
   821 | D:1      | Prayed at the altar of an unknown god.
   821 | D:1      | Became a worshipper of Jiyva Joxkak the Shapeless
   821 | D:1      | Reached * piety under Jiyva
   823 | D:1      | Fell from the grace of Jiyva
  1080 | D:2      | Reached skill level 4 in Fire Magic
  1126 | D:2      | Noticed a rockslime
  1126 | D:2      | Noticed a great orb of eyes
  1126 | D:2      | Noticed a quicksilver ooze
  1127 | D:2      | HP: 1/26 [quicksilver ooze[the all-consuming vengeance of
                  | Jiyva] (6)]
  1128 | D:2      | Annihilated by a quicksilver ooze

Illustrated notes

Levels and vault maps discovered:
D:1:      mrwooster_arrival_arrow, layout_basic, ebering_ecumenical_altar_mist
D:2:      layout_basic, hangedman_decor_diamond_cutter, serial_bayou_ford_a,
          serial_park_tiny_pond, minmay_pentomino_q4

Skill      XL: |  1  2  3 |
---------------+----------+-----
Stealth        | 2 |  2.0
Fire Magic     | 4 |  4.0
Short Blades   | |  0.8
Dodging        | |  1.8
Spellcasting   | |  2.3
Conjurations   | |  1.2

Action                     || total
---------------------------++-------
  Melee: Unarmed           ||     5
         Short sword       ||    15
         Dagger            ||    12
         Tailslap          ||     4
   Cast: Foxfire           ||    35
         Scorch            ||     3
 Invoke: Renounce Religion ||     1
 Armour: Skin              ||    14
  Dodge: Dodged            ||    29
